 Dungeon Crawl Stone Soup version 0.25.1-2-g60ff931df9 (webtiles) character file.

Game seed: 2285760125007872478

25 DearestLeader the Digger (level 3, 0/19 HPs)
             Began as a Gargoyle Earth Elementalist on Sept 17, 2020.
             Slain by Robin
             ... wielding a +0 short sword
              (1 damage)
             ... on level 2 of the Dungeon.
             The game lasted 00:01:57 (861 turns).

DearestLeader the Digger (GrEE)                      Turns: 861, Time: 00:01:58

Health: 0/19       AC:  5    Str: 11    XL:     3   Next: 4%
Magic:  0/6        EV: 12    Int: 16    God:
Gold:   55         SH:  0    Dex: 10    Spells: 5/6 levels left

rFire    . . .     SeeInvis .   e - +2 dagger (venom)
rCold    . . .     Gourm    .   (no shield)
rNeg     + . .     Faith    .   c - +0 robe
rPois    ∞         Spirit   .   (no helmet)
rElec    +         Reflect  .   (no cloak)
rCorr    .         Harm     .   (no gloves)
MR       .....                  (no boots)
Stlth    ++........             (no amulet)
HPRegen  0.06/turn              (no ring)
MPRegen  0.10/turn              (no ring)

@: no status effects
A: negative energy resistance 1, electricity resistance, unbreathing,
petrification resistance, rot immunity, AC +3
a: no special abilities


You were on level 2 of the Dungeon.
You were not hungry.

You visited 1 branch of the dungeon, and saw 2 of its levels.

You collected 55 gold pieces.

Inventory:

Hand Weapons
 a - a +0 dagger
 e - a +2 dagger of venom (weapon)
Missiles
 b - 50 stones (quivered)
Armour
 c - a +0 robe (worn)
 l - a +0 buckler
Scrolls
 f - 2 scrolls of immolation {unknown}
 h - 2 scrolls of magic mapping {unknown}
 j - a scroll of fog {unknown}
 m - a scroll of identify {unknown}
Potions
 i - 2 potions of heal wounds {unknown}
 k - a potion of curing {unknown}
Comestibles
 d - 3 rations
 g - 2 chunks of flesh


   Skills:
 - Level 1.5 Dodging
 - Level 2.1 Stealth
 - Level 2.0 Spellcasting
   Level 0.7 Transmutations
 * Level 5.0 Earth Magic


You had 5 spell levels left.
You knew the following spells:

 Your Spells              Type           Power        Failure   Level  Hunger
a - Sandblast             Erth           ###...       2%          1    #......

Your spell library contained the following spells:

 Spells                   Type           Power        Failure   Level  Hunger
 Passwall                 Tmut/Erth      ##......     10%         2    ###....
 Stone Arrow              Conj/Erth      #.....       22%         3    ###....
 Petrify                  Tmut/Erth      ##......     54%         4    #####..
 Lee's Rapid Deconstruct  Erth           ###.......   58%         5    ######.


Dungeon Overview and Level Annotations

Branches:
Dungeon (2/15)

Altars:
Ashenzari
Gozag

Annotations:
D:2 Robin


Innate Abilities, Weirdness & Mutations

You are resistant to torment.
Your stone body is resilient. (AC +3)
You are immune to poison.
You resist negative energy. (rN+)
You are resistant to electric shocks. (rElec)
You can survive without breathing.
You are immune to petrification.
You are immune to rotting.


Message History

The blast of sand misses the goblin.
The blast of sand hits the goblin!
You kill the goblin!
b - 51 stones The goblin closely misses you.
Robin roars a battlecry!
The goblin goes into a battle-frenzy!
Casting: Sandblast (safe; 2% risk of failure)
Confirm with . or Enter, or press ? or * to list all spells.
Aiming: Sandblast (safe; 2% risk of failure)
Press: ? - help, Shift-Dir - straight line, f - Robin
Aim: Robin, wielding a +0 short sword, wearing a +0 animal skin and wearing a +0 helmet The blast of sand hits Robin.
Robin is moderately wounded.
b - 50 stones The goblin completely misses you.
Robin hits you but does no damage.
You completely miss the goblin. The goblin hits you.
* * * LOW HITPOINT WARNING * * *
Robin says, "Bow before me, strongest of all the hobgoblins!"
Robin hits you with a +0 short sword.
You die...

#######..........##.######## #.#.
..........#..#.............###.#.
#.#######.#..#...................
#.....#...)..#...............#.#.
#.###.#.#.g.)#...............#.#.
...)g...#....).............###.#.
#.#g#####..#.#.............# #.#.
..#..........#.#g########..# #.#.
##############.#@# #..# #.##
..#g# ###..# #... ####)# ###....#
#### #.# #...#..# # #.# #..##..#
# #.. #''##..###### ###
#8..8#........ ##__##########
#⌠⌠#


You could see Robin and a goblin (strong).

Vanquished Creatures
  A leopard gecko (D:1)
  3 giant cockroaches
  9 goblins
  3 hobgoblins (D:2)
  A ball python (D:1)
  A kobold (D:2)
  2 rats (D:1)
20 creatures vanquished.

Notes
Turn   | Place    | Note
-------+----------+-------------------------------------------
     0 | D:1      | DearestLeader the Gargoyle Earth Elementalist began the
                  | quest for the Orb.
     0 | D:1      | Reached XP level 1. HP: 10/10 MP: 3/3
   209 | D:1      | Reached skill level 4 in Earth Magic
   218 | D:1      | Reached XP level 2. HP: 14/15 MP: 5/5
   738 | D:2      | Found an opulent altar of Gozag.
   738 | D:2      | Found a shattered altar of Ashenzari.
   764 | D:2      | Noticed Robin
   848 | D:2      | Reached skill level 5 in Earth Magic
   848 | D:2      | Reached XP level 3. HP: 13/19 MP: 1/6
   861 | D:2      | Slain by Robin

Illustrated notes

Levels and vault maps discovered:
D:1:      nzn_arrival_depleted_hourglass, layout_rooms
D:2:      layout_basic, gammafunk_temple_overflow_wave, uniq_robin, uniq_terence

Skill      XL: |  1  2 |
---------------+-------+-----
Earth Magic    | 4 5 |  5.0
Dodging        | |  1.5
Stealth        | |  2.1
Spellcasting   | |  2.0
Transmutations | |  0.7

Action                   || total
-------------------------++-------
Melee: Dagger            ||    26
       Unarmed           ||    11
 Cast: Sandblast         ||     9
Armor: Robe              ||    12
Dodge: Dodged            ||    27
